 Dungeon Crawl Stone Soup version 0.22.0-6-g71bd7aa6b3 (webtiles) character file.

62 Kirk the Chopper (level 3, -9/28 HPs)
             Began as a Demonspawn Gladiator on Aug 15, 2018.
             Mangled by an ogre
             ... wielding a +0 giant club
              (22 damage)
             ... on level 3 of the Dungeon.
             The game lasted 00:02:00 (1516 turns).

Kirk the Chopper (Demonspawn Gladiator)             Turns: 1516, Time: 00:02:01

Health: -9/28      AC:  3    Str: 15    XL:     3   Next: 85%
Magic:  12/12      EV: 12    Int: 11    God:
Gold:   103        SH:  0    Dex: 14    Spells: 2/2 levels left

rFire    . . .     SeeInvis .   a - +0 war axe
rCold    . . .     Gourm    .   (no shield)
rNeg     . . .     Faith    .   b - +0 leather armour
rPois    .         Spirit   .   (helmet restricted)
rElec    .         Reflect  .   (no cloak)
rCorr    .         Harm     .   (no gloves)
MR       .....                  (no boots)
Stlth    +.........             (no amulet)
HPRegen  0.09/turn              e - ring of magical power
MPRegen  0.13/turn              h - +2 ring of intelligence

@: no status effects
A: antennae 1, powered by pain 1
a: no special abilities


You were on level 3 of the Dungeon.
You were not hungry.

You visited 1 branch of the dungeon, and saw 3 of its levels.

You collected 103 gold pieces.

Inventory:

Hand Weapons
 a - a +0 war axe (weapon)
Missiles
 d - a throwing net (quivered)
Armour
 b - a +0 leather armour (worn)
 c - a +0 helmet
Jewellery
 e - a ring of magical power (left hand)
 h - a +2 ring of intelligence (right hand)
Scrolls
 i - 3 scrolls of teleportation {unknown}
 k - 2 scrolls of identify {unknown}
 n - a scroll of amnesia {unknown}
 o - a scroll of remove curse {unknown}
Potions
 g - a potion of mutation {unknown}
 j - 3 potions of degeneration {unknown}
 l - a potion of brilliance {unknown}
 m - a potion of heal wounds {unknown}
Comestibles
 f - 4 rations


   Skills:
 + Level 2.5 Fighting
 * Level 4.0 Axes
 - Level 1.7 Throwing
 + Level 0.5 Armour
 - Level 2.6 Dodging


You had 2 spell levels left.
You didn't know any spells.
Your spell library was empty.

Dungeon Overview and Level Annotations

Branches:
Dungeon (3/15)

Altars:

Annotations:
D:3 Sigmund


Innate Abilities, Weirdness & Mutations

You have a pair of small antennae on your head.
You sometimes gain a little power by taking damage.


Message History

Press: ? - help, Shift-Dir - straight line, f/p - ogre
Aim: an ogre, wielding a giant club (moderately wounded)
You throw a throwing net.
The throwing net barely misses the ogre.
You hit the ogre.
The ogre is heavily wounded.
The ogre misses you.
Unknown command.
Okay, then.
You hit the ogre.
The ogre is heavily wounded.
The ogre hits you but does no damage.
You hit the ogre but do no damage.
The ogre is heavily wounded.
The ogre closely misses you.
You slash the ogre!
The ogre is almost dead.
The ogre hits you with a giant club!!
Ouch! That really hurt!
You die...

#...#.# ### #...#.#
#.. #...#.#
#.####..#.##
#..........#
#..........#
#######..........####
..(........#........#
.......###.#..@.....#
....... #.#<.O.....#
....... #.###.######
....... #.....#
....... #######
#######


You could see an ogre.

Vanquished Creatures
  2 adders (D:2)
  A worm (D:2)
  A dart slug (D:1)
  A leopard gecko (D:2)
  A giant cockroach (D:2)
  7 hobgoblins
  5 bats
  2 frilled lizards
  3 goblins
  3 kobolds
  16 rats
42 creatures vanquished.

Notes
Turn   | Place    | Note
-------+----------+-------------------------------------------
     0 | D:1      | Kirk the Demonspawn Gladiator began the quest for the Orb.
     0 | D:1      | Reached XP level 1. HP: 16/16 MP: 1/1
    13 | D:1      | Reached skill level 3 in Axes
    26 | D:1      | Gained mutation: You have a pair of small antennae on your head. [demonic ancestry]
    26 | D:1      | Reached XP level 2. HP: 17/22 MP: 2/2
   631 | D:2      | Gained mutation: You sometimes gain a little power by taking damage. [demonic ancestry]
   631 | D:2      | Reached XP level 3. HP: 17/28 MP: 3/3
  1215 | D:2      | Reached skill level 4 in Axes
  1429 | D:3      | Noticed Sigmund
  1495 | D:3      | Noticed an ogre
  1516 | D:3      | Mangled by an ogre

Skill      XL: |  1  2  3 |
---------------+----------+-----
Axes           | 3 4 |  4.0
Fighting       | |  2.5
Throwing       | |  1.7
Armour         | |  0.5
Dodging        | |  2.6

Action                   || total
-------------------------++-------
Melee: War axe           ||   106
Throw: Throwing net      ||     2
  Eat: Chunk             ||     2
Armor: Leather armour    ||    46
Dodge: Dodged            ||    90
